 Dungeon Crawl Stone Soup version 0.27-a0-333-gfa571bf19a (webtiles) character file.

Game seed: 12576891653960907858

29 inc the Ducker (level 3, -1/17 HPs)
             Began as a Felid Monk on Feb 12, 2021.
             Shot with a sling bullet by a goblin (10 damage)
             ... led by Robin
             ... on level 2 of the Dungeon.
             The game lasted 00:02:34 (2385 turns).

inc the Ducker (Felid Monk)                         Turns: 2385, Time: 00:02:35

Health: -1/17      AC:  1    Str:  7    XL:     3   Next: 1%
Magic:  4/4        EV: 22    Int: 11    God:
Gold:   90         SH:  0    Dex: 19    Spells: 2/2 levels left
                                        Lives:  0   Deaths: 0

rFire    . . .     SeeInvis +     - Unarmed
rCold    . . .     Faith    .   (shield unavailable)
rNeg     . . .     Spirit   .   (armour unavailable)
rPois    .         Reflect  .   (helmet unavailable)
rElec    .         Harm     .   (cloak unavailable)
rCorr    .         Rampage  .   (gloves unavailable)
Will     .....                  (boots unavailable)
Stlth    +++.......             (no amulet)
HPRegen  0.05/turn              e - ring of wizardry
MPRegen  0.09/turn              (no ring)

@: quick
A: very small, no armour, no weapons or thrown items, stealth, claws 1, fangs 3,
see invisible, speed 1, shaggy fur 1, sharp paws
a: no special abilities


You were on level 2 of the Dungeon.
You visited 1 branch of the dungeon, and saw 2 of its levels.

You collected 90 gold pieces.

Inventory:

Jewellery
 e - a ring of wizardry (left paw)
Scrolls
 b - a scroll of enchant weapon {unknown}
 g - 2 scrolls of identify {unknown}
 h - 2 scrolls of amnesia {unknown}
 i - a scroll of immolation {unknown}
Potions
 a - a potion of attraction {unknown}
 c - a potion of curing {unknown}
 d - a potion of flight {unknown}
 f - a potion of haste


   Skills:
 - Level 3.0 Fighting
 + Level 5.6 Dodging
 - Level 2.6 Stealth
 - Level 3.0 Unarmed Combat


You had 2 spell levels left.
You didn't know any spells.
Your spell library was empty.

Dungeon Overview and Level Annotations

Branches:
Dungeon (2/15)

Altars:
Cheibriados

Annotations:
D:2 Jessica, Sigmund


Innate Abilities, Weirdness & Mutations

You cannot wear armour.
You are incapable of wielding weapons or throwing items.
Your paws allow you to move quietly. (Stealth)
You have sharp claws.
You have razor-sharp teeth.
You have supernaturally acute eyesight. (SInv)
You cover ground quickly.
You are covered in fur. (AC +1)
Your sharp claws are effective at attacking unaware monsters.


Message History

Robin is moderately wounded.
You hear a shout!
Robin closely misses you.
You hear a shout!
You scratch Robin.
Robin is heavily wounded.
Robin throws the goblin at you! The goblin hits you.
You barely miss the goblin.
Robin roars a battlecry!
The goblin goes into a battle-frenzy!
The goblin completely misses you.
You hear a shout!
You closely miss the goblin.
A goblin comes into view.
The goblin misses you.
You claw the goblin!
You kill the goblin!
Robin closely misses you.
You barely miss Robin.
Robin is heavily wounded.
The goblin hits you but does no damage.
Robin roars a battlecry!
You claw Robin!
You kill Robin!
The goblin misses you.
You have reached level 3!
Your experience leads to an increase in your attributes!
Increase (S)trength, (I)ntelligence, or (D)exterity?
You feel agile.
You closely miss the goblin.
A hobgoblin comes into view. It is wielding a +0 club.
A hobgoblin comes into view.
The goblin hits you. The goblin hits you but does no damage.
You see here a falchion.
You see here a goblin corpse.
The goblin unwields a +0 club.
The goblin wields a +0 hunting sling.
The goblin shoots a sling bullet.
The sling bullet hits you!
Ouch! That really hurt!
You die...

##.# ##...## #.##.###.#
...# ##'## #.##.### ####
#.# #.##...# #.# #.####g#
# #######.## #.# #.#.#
#........## #.####g#.#
#.###.....# #...g....#
###.##......#########.###
....(..##.......@..ggg#
###.######.############
#.######.# #........#
##########


You could see a hobgoblin (strong) and 2 goblins.

Vanquished Creatures
  Robin (D:2)
  A dart slug (D:1)
  2 giant cockroaches (D:2)
  3 goblins
  4 hobgoblins (D:1)
  2 bats (D:1)
  3 rats
16 creatures vanquished.

Notes
Turn   | Place    | Note
-------+----------+-------------------------------------------
     0 | D:1      | inc the Felid Monk began the quest for the Orb.
     0 | D:1      | Reached XP level 1. HP: 10/10 MP: 2/2
   521 | D:1      | Reached XP level 2. HP: 7/14 MP: 3/3
  1035 | D:1      | Reached skill level 5 in Dodging
  1873 | D:2      | Noticed Sigmund
  1939 | D:2      | Noticed Jessica
  2189 | D:2      | Found a snail-covered altar of Cheibriados.
  2345 | D:2      | Noticed Robin
  2378 | D:2      | Killed Robin
  2379 | D:2      | Reached XP level 3. HP: 13/17 MP: 4/4
  2385 | D:2      | Shot with a sling bullet by a goblin

Illustrated notes

Levels and vault maps discovered:
D:1:      lemuel_arrival_broad_hall, layout_loops_corners
D:2:      layout_loops_corners, nemelex_xobeh_ov_fountains_minmay,
          old_standard_altar, uniq_jessica, uniq_sigmund, uniq_robin

Skill      XL: |  1  2 |
---------------+-------+-----
Dodging        | 5 |  5.6
Fighting       | |  3.0
Stealth        | |  2.6
Unarmed Combat | |  3.0

Action                   || total
-------------------------++-------
Melee: Unarmed           ||    59
       Bite              ||     9
  Use: Potion            ||     1
 Stab: Sleeping          ||     4
Armor: Skin              ||     3
Dodge: Dodged            ||    34

Table legend: (Time is in decaauts)
 A = Elapsed time spent in this place.
 B = Non-inter-level travel time spent in this place.
 C = Inter-level travel time spent in this place.
 D = Time resting spent in this place.
 E = Time spent auto-exploring this place.
 F = Levels seen in this place.
 G = Mean time per level.
                   A        B        C        D        E       F      G
               +--------+--------+--------+--------+--------+-----+--------+
         Total |   2063 |   1911 |    152 |    665 |    903 |   2 | 1031.5 |
       Dungeon |   2063 |   1911 |    152 |    665 |    903 |   2 | 1031.5 |
               +--------+--------+--------+--------+--------+-----+--------+

Top non-repeatable levels by time:
     D:1: 1643 daAuts
     D:2: 420 daAuts
